 Dungeon Crawl Stone Soup version 0.26.1-10-gdfb7c7de75 (webtiles) character file.

Game seed: 15651835227543908291

36572 Almogavar the Fighter (level 13, -11/105 HPs)
             Began as a Gnoll Wanderer on Mar 31, 2021.
             Was the Champion of Okawaru.
             Engulfed by a fire crab's flame (27 damage)
             ... on level 5 of the Lair of Beasts.
             The game lasted 01:27:01 (26138 turns).

Almogavar the Fighter (Gnoll Wanderer)             Turns: 26138, Time: 01:27:01

Health: -11/105    AC: 17    Str: 25    XL:     13   Next: 91%
Magic:  24/25      EV: 22    Int: 23    God:    Okawaru [******]
Gold:   1524       SH: 22    Dex: 20    Spells: 29/29 levels left

rFire    x . .     SeeInvis +   Z - +9 mace "Ablaihemi" {vorpal, *Slow rElec Str+5 SInv}
rCold    + + +     Faith    .   v - +2 kite shield
rNeg     + . .     Spirit   .   J - +0 swamp dragon scales
rPois    +         Reflect  +   f - +1 hat of Dogmatism {rF- Str+3 Dex+3}
rElec    +         Harm     .   P - +0 cloak
rCorr    +         Rampage  .   h - +0 pair of gloves
Will     .....                  H - +0 pair of boots
Stlth    +++++.....             D - amulet of Namiack {Reflect rC+++ rN+ Str+4 Dex-2 SH+5}
HPRegen  0.27/turn              s - +6 ring of intelligence
MPRegen  0.19/turn              X - ring of resist corrosion

@: heroism
A: distributed training, fangs 1, strong nose
a: Renounce Religion, Heroism, Finesse


You were on level 5 of the Lair of Beasts.
You worshipped Okawaru.
Okawaru was exalted by your worship.
You visited 3 branches of the dungeon, and saw 16 of its levels.
You also visited: Ice Cave.

You collected 1524 gold pieces.

Inventory:

Hand Weapons
 m - a +0 hunting sling
 y - a +6 long sword of freezing
 R - the +2 flail "Transmigrator" {protect, Dex+2}
   (You found it on level 8 of the Dungeon)

   It grants its wielder temporary protection when it strikes (+7 to AC).
   It affects your dexterity (+2).
 Z - the +9 mace "Ablaihemi" (weapon) {vorpal, *Slow rElec Str+5 SInv}
   (You took it off a necromancer in an ice cave)

   It inflicts extra damage upon your enemies.
   It affects your strength (+5).
   It insulates you from electricity.
   It lets you see invisible.
   It may slow you when you take damage.
Missiles
 i - 183 sling bullets
 j - 364 stones (quivered)
Armour
 f - the +1 hat of Dogmatism (worn) {rF- Str+3 Dex+3}
   (Okawaru gifted it to you on level 4 of the Lair of Beasts)

   It affects your strength (+3).
   It affects your dexterity (+3).
   It makes you vulnerable to fire.
 h - a +0 pair of gloves (worn)
 v - a +2 kite shield (worn)
 H - a +0 pair of boots (worn)
 I - a +0 plate armour
 J - +0 swamp dragon scales (worn)
 P - a +0 cloak (worn)
Jewellery
 l - an uncursed ring of fire
 o - an uncursed ring of willpower
 s - a +6 ring of intelligence (left hand)
 C - the amulet of Pride {RegenMP rC+}
   (You found it on level 5 of the Dungeon)

   [amulet of magic regeneration]

   It increases your magic regeneration.
   It protects you from cold.
 D - the amulet of Namiack (around neck) {Reflect rC+++ rN+ Str+4 Dex-2 SH+5}
   (You found it on level 5 of the Dungeon)

   [amulet of reflection]

   It shields you and reflects attacks.
   It affects your strength (+4).
   It affects your dexterity (-2).
   It renders you almost immune to cold.
   It protects you from negative energy.
   It affects your SH (+5).
 G - an uncursed ring of flight
 O - an uncursed ring of protection from cold
 X - a ring of resist corrosion (right hand)
Wands
 a - a wand of digging (9)
 E - a wand of polymorph (33)
 L - a wand of paralysis (11)
 Q - a wand of acid (7)
Scrolls
 e - 7 scrolls of blinking
 k - 13 scrolls of remove curse
 q - 2 scrolls of fog
 r - 2 scrolls of enchant weapon
 t - 2 scrolls of fear
 u - a scroll of enchant armour
 w - 2 scrolls of magic mapping
 z - 7 scrolls of teleportation
 A - 4 scrolls of amnesia
 U - a scroll of identify
 V - 2 scrolls of summoning
 Y - a scroll of silence
Potions
 b - a potion of berserk rage
 c - 4 potions of flight
 g - 6 potions of brilliance
 n - 11 potions of curing
 p - 4 potions of lignification
 x - 2 potions of haste
 B - 2 potions of magic
 F - 2 potions of mutation
 K - a potion of heal wounds
 M - 3 potions of invisibility
 N - 2 potions of might
 W - a potion of ambrosia
Miscellaneous
 d - a phial of floods
 S - a condenser vane
 T - a lightning rod (4/4)


   Skills:
 + Level 10.8(15.8) Fighting
 + Level 8.7(13.7) Short Blades
 + Level 8.7(13.7) Long Blades
 + Level 8.7(13.7) Axes
 + Level 9.1(14.1) Maces & Flails
 + Level 8.7(13.7) Polearms
 + Level 8.7(13.7) Staves
 + Level 8.7(13.7) Slings
 + Level 8.7(13.7) Bows
 + Level 8.7(13.7) Crossbows
 + Level 8.7(13.7) Throwing
 + Level 9.1(14.1) Armour
 + Level 9.1(14.1) Dodging
 + Level 8.7(13.7) Stealth
 + Level 9.1(14.1) Shields
 + Level 9.8(14.8) Unarmed Combat
 + Level 8.7 Spellcasting
 + Level 7.2 Conjurations
 + Level 7.2 Hexes
 + Level 7.2 Summonings
 + Level 7.2 Necromancy
 + Level 7.2 Translocations
 + Level 7.2 Transmutations
 + Level 7.2 Fire Magic
 + Level 7.2 Ice Magic
 + Level 7.2 Air Magic
 + Level 7.2 Earth Magic
 + Level 7.2 Poison Magic
 + Level 9.5 Invocations
 + Level 9.1 Evocations


You had 29 spell levels left.
You didn't know any spells.
Your spell library contained the following spells:

 Spells                   Type           Power        Failure   Level
 Animate Skeleton         Necr           86%          1%          1
 Freeze                   Ice            100%         1%          1
 Pain                     Necr           100%         1%          1
 Shock                    Conj/Air       100%         1%          1
 Swiftness                Air            43%          1%          2
 Frozen Ramparts          Ice            86%          1%          3
 Ozocubu's Armour         Ice            43%          1%          3
 Static Discharge         Conj/Air       43%          1%          3
 Vampiric Draining        Necr           21%          1%          3
 Airstrike                Air            21%          4%          4
 Animate Dead             Necr           21%          4%          4
 Hailstorm                Conj/Ice       43%          4%          4
 Summon Ice Beast         Ice/Summ       43%          4%          4
 Agony                    Necr           43%          14%         5
 Lightning Bolt           Conj/Air       21%          14%         5


Dungeon Overview and Level Annotations

Branches:
Dungeon (10/15)            Temple (1/1) D:4            Lair (5/6) D:10
 Shoals (0/4) Lair:4       Spider (0/4) Lair:4          Orc (0/2) D:10
  IceCv (visited)
  Slime: Lair:5-6

Altars:
Ashenzari
Cheibriados
Dithmenos
Elyvilon
Fedhas
Gozag
Hepliaklqana
Kikubaaqudgha
Makhleb
Nemelex Xobeh
Okawaru
Qazlal
Ru
Sif Muna
Trog
Uskayaw
Vehumet
Wu Jian
Xom
Yredelemnul
Zin
The Shining One

Annotations:
D:9 3 runed translucent doors, toph's ghost, novice GrFi
Lair:2 exclusion: 2 oklob plants


Innate Abilities, Weirdness & Mutations

Your experience applies equally to all skills.
You have very sharp teeth.
Your uncanny sense of smell can sniff out nearby items.


Message History

The fire crab is heavily wounded.
The fire crab bites you but does no damage.
The fire crab claws you but does no damage.
You sock the fire crab!
The fire crab is severely wounded.
You hit the fire crab.
The fire crab is severely wounded.
You block the fire crab's attack. x2
You barely miss the fire crab. You bite the fire crab.
The fire crab is severely wounded.
The fire crab breathes flames at you. The blast of flame engulfs you!
The fire burns you terribly!
You completely miss the fire crab.
The fire crab is severely wounded.
You are engulfed in blazing flames.
You block the fire crab's attack. x2
You are engulfed in blazing flames.
* * * LOW HITPOINT WARNING * * *
You block the fire crab's attack. x2
You are engulfed in blazing flames.
You die...

### ##.#### ##
#.....###.#
##...........
#............
###..........P
#.°°t......!P.
#°○°@....!.P.
#°°#......#..
###°....!....
###...#.#.
##...#..#.
##.........
#..........
##..........
#.......#...


You could see a fire crab.

Vanquished Creatures
  Gastronok (Lair:3)
  A boulder beetle (Lair:2)
  A hydra (Lair:5)
  A death knight (D:9)
  4 death yaks
  3 skeletal warriors
  The ghost of dracomuter the Chopper, a novice HuFi of Zin (D:6)
  An orc knight (D:10)
  A necromancer (IceCv)
  5 oklob plants
  4 ice statues (IceCv)
  3 black mambas
  Maurice (D:8)
  2 gargoyles
  7 cane toads
  3 rime drakes
  11 ice devils
  Maggie (D:6)
  2 komodo dragons
  A polar bear (Lair:2)
  A hornet (D:7)
  8 blink frogs
  Sigmund (D:4)
  5 wyverns
  32 yaks
  4 basilisks
  A floating eye (Lair:2)
  6 water moccasins
  A swamp drake (D:10)
  2 ice beasts
  A phantom (D:10)
  4 orc warriors
  2 black bears (Lair:1)
  A necrophage (D:10)
  9 centaurs
  23 wolves
  An ogre (D:4)
  A big kobold (D:9)
  17 bullfrogs
  4 scorpions
  13 wights
  13 killer bees
  3 howler monkeys
  2 draconian simulacra (IceCv)
  8 hounds
  6 orc priests
  6 jellies
  5 orc wizards
  Jessica (D:2)
  4 iguanas
  10 worker ants
  2 spriggan simulacra (IceCv)
  2 centaur simulacra (IceCv)
  12 adders
  2 naga simulacra (IceCv)
  2 ogre simulacra (IceCv)
  3 ufetubi
  2 oozes
  An adder zombie (D:7)
  An adder skeleton (D:7)
  4 worms
  10 dart slugs
  3 leopard geckos
  32 orcs
  3 ball pythons
  10 bats
  8 giant cockroaches
  7 goblins
  12 hobgoblins
  8 jackals
  4 quokkas
  3 frilled lizards
  A jackal skeleton (D:7)
  19 kobolds
  A leopard gecko skeleton (D:7)
  A quokka zombie (D:5)
  5 rats
  A butterfly (Lair:1)
408 creatures vanquished.

Vanquished Creatures (others)
  2 wolves (Lair:5)
  2 bushes (Lair:2)
  14 fungi
  33 plants
51 creatures vanquished.

Grand Total: 459 creatures vanquished

Notes
Turn   | Place    | Note
-------+----------+-------------------------------------------
     0 | D:1      | Almogavar the Gnoll Wanderer began the quest for the Orb.
     0 | D:1      | Almogavar set off with the following items: a +0 dagger, a
                  | potion of berserk rage, a +0 ring mail, a +0 buckler, a
                  | scroll of blinking
     0 | D:1      | Reached XP level 1. HP: 23/23 MP: 1/1
   234 | D:1      | Reached XP level 2. HP: 29/29 MP: 2/2
  1313 | D:2      | Reached XP level 3. HP: 32/35 MP: 3/3
  1489 | D:2      | Reached skill level 1 in Invocations
  1762 | D:2      | You fall into a shaft and drop 1 floor!
  1989 | D:3      | Reached skill level 1 in Short Blades
  1989 | D:3      | Reached skill level 1 in Long Blades
  1989 | D:3      | Reached skill level 1 in Axes
  1989 | D:3      | Reached skill level 1 in Polearms
  1989 | D:3      | Reached skill level 1 in Staves
  1989 | D:3      | Reached skill level 1 in Slings
  1989 | D:3      | Reached skill level 1 in Bows
  1989 | D:3      | Reached skill level 1 in Crossbows
  1989 | D:3      | Reached skill level 1 in Throwing
  1989 | D:3      | Reached skill level 1 in Stealth
  1989 | D:3      | Reached skill level 1 in Spellcasting
  2260 | D:2      | Reached XP level 4. HP: 36/41 MP: 5/5
  2544 | D:2      | Noticed Jessica
  2575 | D:2      | Killed Jessica
  2576 | D:2      | Reached skill level 1 in Conjurations
  2576 | D:2      | Reached skill level 1 in Hexes
  2576 | D:2      | Reached skill level 1 in Summonings
  2576 | D:2      | Reached skill level 1 in Necromancy
  2576 | D:2      | Reached skill level 1 in Translocations
  2576 | D:2      | Reached skill level 1 in Transmutations
  2576 | D:2      | Reached skill level 1 in Fire Magic
  2576 | D:2      | Reached skill level 1 in Ice Magic
  2576 | D:2      | Reached skill level 1 in Air Magic
  2576 | D:2      | Reached skill level 1 in Earth Magic
  2576 | D:2      | Reached skill level 1 in Poison Magic
  2824 | D:3      | Reached XP level 5. HP: 43/47 MP: 6/6
  3561 | D:3      | Found a faded altar of an unknown god.
  4488 | D:4      | Reached XP level 6. HP: 53/53 MP: 8/8
  4606 | D:4      | Found a staircase to the Ecumenical Temple.
  4613 | Temple   | Entered the Ecumenical Temple
  4732 | Temple   | Became a worshipper of Warmaster Okawaru
  4920 | D:4      | Reached skill level 5 in Unarmed Combat
  5241 | D:4      | Reached XP level 7. HP: 25/59 MP: 10/10
  5467 | D:4      | Noticed Sigmund
  5489 | D:4      | Killed Sigmund
  5490 | D:4      | Reached skill level 7 in Fighting
  5602 | D:4      | Found a hazy altar of Hepliaklqana.
  5706 | D:5      | Entered Level 5 of the Dungeon
  5913 | D:5      | Got a twitching copper amulet
  5919 | D:5      | Identified the amulet of Pride {RegenMP rC+} (You found it
                  | on level 5 of the Dungeon)
  5979 | D:5      | Got a translucent amethyst amulet
  5990 | D:5      | Identified the amulet of Namiack {Reflect rC+++ rN+ Str+4
                  | Dex-2 SH+5} (You found it on level 5 of the Dungeon)
  6100 | D:5      | Found a blossoming altar of Fedhas.
  6238 | D:5      | Found a hazy altar of Hepliaklqana.
  6676 | D:6      | Reached * piety under Okawaru
  6677 | D:6      | Reached XP level 8. HP: 15/67 MP: 12/12
  6949 | D:6      | Noticed dracomuter's ghost (novice HuFi)
  6952 | D:6      | Found a transporter.
  6958 | D:6      | Found a transporter.
  7433 | D:6      | Noticed Maggie
  7464 | D:6      | Killed Maggie
  8800 | D:7      | Reached ** piety under Okawaru
  8801 | D:7      | Reached XP level 9. HP: 71/72 MP: 14/14
  9132 | D:7      | Noticed a hornet
  9159 | D:7      | Killed a hornet
  9848 | D:8      | Reached skill level 5 in Maces & Flails
  9848 | D:8      | Reached skill level 5 in Armour
  9848 | D:8      | Reached skill level 5 in Dodging
  9848 | D:8      | Reached skill level 5 in Shields
  9848 | D:8      | Reached skill level 5 in Evocations
  9925 | D:8      | Noticed Maurice
  9932 | D:8      | Killed Maurice
  9932 | D:8      | Reached *** piety under Okawaru
  9933 | D:8      | Reached skill level 8 in Fighting
 10074 | D:8      | Reached skill level 5 in Invocations
 10215 | D:8      | Got a bloodstained flail
 10216 | D:8      | Identified the +2 flail "Transmigrator" {protect, Dex+2}
                  | (You found it on level 8 of the Dungeon)
 10562 | D:8      | Found a glowing golden altar of the Shining One.
 11048 | D:9      | Noticed a gargoyle
 11070 | D:9      | Killed a gargoyle
 11070 | D:9      | Reached **** piety under Okawaru
 11071 | D:9      | Reached XP level 10. HP: 37/80 MP: 17/17
 11353 | D:9      | Found an ornate altar of the Wu Jian Council.
 11370 | D:9      | Found a shimmering blue altar of Sif Muna.
 11373 | D:9      | Found a basalt altar of Yredelemnul.
 11563 | D:9      | Reached skill level 5 in Short Blades
 11563 | D:9      | Reached skill level 5 in Long Blades
 11563 | D:9      | Reached skill level 5 in Axes
 11563 | D:9      | Reached skill level 5 in Polearms
 11563 | D:9      | Reached skill level 5 in Staves
 11563 | D:9      | Reached skill level 5 in Slings
 11563 | D:9      | Reached skill level 5 in Bows
 11563 | D:9      | Reached skill level 5 in Crossbows
 11563 | D:9      | Reached skill level 5 in Throwing
 11563 | D:9      | Reached skill level 5 in Stealth
 11563 | D:9      | Reached skill level 5 in Spellcasting
 11722 | D:9      | Found a runed translucent gate.
 11722 | D:9      | Found a runed translucent gate.
 11722 | D:9      | Found a runed translucent gate.
 11722 | D:9      | Noticed toph's ghost (novice GrFi)
 11724 | D:9      | Noticed a kobold demonologist
 11724 | D:9      | Noticed a kobold demonologist
 12480 | D:6      | Killed dracomuter's ghost
 12663 | D:10     | Entered Level 10 of the Dungeon
 13286 | D:10     | Found a staircase to the Orcish Mines.
 13743 | D:10     | Received a gift from Okawaru
 14007 | D:10     | Noticed a gargoyle
 14012 | D:10     | Killed a gargoyle
 14012 | D:10     | Reached ***** piety under Okawaru
 14012 | D:10     | Received a gift from Okawaru
 14052 | D:10     | Found a glowing golden altar of the Shining One.
 14150 | D:10     | Noticed a skeletal warrior
 14150 | D:10     | Noticed a skeletal warrior
 14191 | D:10     | HP: 1/82 [skeletal warrior/cursed -1 glaive[a death knight]
                  | (10)]
 14596 | D:10     | Received a gift from Okawaru
 14597 | D:10     | Reached XP level 11. HP: 85/87 MP: 19/19
 14638 | D:10     | Reached skill level 9 in Fighting
 14670 | D:10     | Found a staircase to the Lair.
 14713 | D:10     | Reached skill level 5 in Conjurations
 14713 | D:10     | Reached skill level 5 in Hexes
 14713 | D:10     | Reached skill level 5 in Summonings
 14713 | D:10     | Reached skill level 5 in Necromancy
 14713 | D:10     | Reached skill level 5 in Translocations
 14713 | D:10     | Reached skill level 5 in Transmutations
 14713 | D:10     | Reached skill level 5 in Fire Magic
 14713 | D:10     | Reached skill level 5 in Ice Magic
 14713 | D:10     | Reached skill level 5 in Air Magic
 14713 | D:10     | Reached skill level 5 in Earth Magic
 14713 | D:10     | Reached skill level 5 in Poison Magic
 14879 | D:10     | Noticed a death knight
 14880 | D:10     | Noticed a skeletal warrior
 15211 | D:9      | Killed a skeletal warrior
 15579 | D:9      | Killed a death knight
 15766 | D:10     | Killed a skeletal warrior
 15784 | D:10     | Killed a skeletal warrior
 15784 | D:10     | Received a gift from Okawaru
 16044 | D:10     | Noticed an orc knight
 16067 | D:10     | Killed an orc knight
 16313 | Lair:1   | Entered Level 1 of the Lair of Beasts
 16523 | Lair:1   | Received a gift from Okawaru
 17137 | Lair:1   | Noticed an oklob plant
 17583 | Lair:1   | Noticed an oklob plant
 17583 | Lair:1   | Noticed an oklob plant
 17586 | Lair:1   | Killed an oklob plant
 17588 | Lair:1   | Killed an oklob plant
 17589 | Lair:1   | Killed an oklob plant
 17590 | Lair:1   | Reached XP level 12. HP: 75/96 MP: 22/22
 18451 | Lair:2   | Received a gift from Okawaru
 18710 | Lair:2   | Noticed a boulder beetle
 18764 | Lair:1   | Received a gift from Okawaru
 19068 | Lair:2   | Paralysed by a floating eye for 4 turns
 19078 | Lair:2   | Paralysed by a floating eye for 4 turns
 19087 | Lair:2   | Paralysed by a floating eye for 4 turns
 19132 | Lair:2   | Paralysed by a floating eye for 2 turns
 19278 | Lair:2   | Killed a boulder beetle
 19394 | Lair:2   | Received a gift from Okawaru
 19799 | Lair:2   | Noticed a death yak
 19803 | Lair:2   | Noticed a death yak
 19804 | Lair:2   | Noticed a death yak
 19804 | Lair:2   | Noticed a death yak
 19806 | Lair:2   | Noticed a death yak
 20265 | Lair:2   | Killed a death yak
 20266 | Lair:2   | Reached skill level 10 in Fighting
 20555 | Lair:2   | Received a gift from Okawaru
 20626 | Lair:1   | Killed a death yak
 20626 | Lair:1   | Reached ****** piety under Okawaru
 20769 | Lair:2   | Received a gift from Okawaru
 21174 | Lair:1   | Killed a death yak
 21175 | Lair:1   | Reached XP level 13. HP: 35/103 MP: 22/24
 21996 | Lair:3   | Found a frozen archway.
 22034 | IceCv    | Entered an ice cave
 22743 | IceCv    | Received a gift from Okawaru
 23194 | IceCv    | Identified the +9 mace "Ablaihemi" {vorpal, *Slow rElec
                  | Str+5 SInv}
 23558 | Lair:3   | Received a gift from Okawaru
 23717 | Lair:3   | Noticed Gastronok
 23749 | Lair:3   | Killed Gastronok
 24690 | Lair:4   | Found a hole to the Spider Nest.
 24749 | Lair:4   | Received a gift from Okawaru
 24793 | Lair:4   | Got a faintly humming hat {god gift}
 24804 | Lair:4   | Identified the +1 hat of Dogmatism {rF- Str+3 Dex+3}
                  | (Okawaru gifted it to you on level 4 of the Lair of Beasts)
 25021 | Lair:4   | Found a staircase to the Shoals.
 26138 | Lair:5   | Engulfed by a fire crab's flame

Illustrated notes

Levels and vault maps discovered:
D:1:      amcnicky_arrival_choice, layout_basic
D:2:      layout_rooms, st_stairs_7, uniq_jessica
D:3:      minmay_wonky_spiral, layout_basic,
          chequers_ecumenical_altar_simple_redux
D:4:      layout_cave_pools, nzn_hepliaklqana_mist_gate,
          minmay_temple_entry_ruins, uniq_sigmund
D:5:      kennysheep_slugbush, layout_basic, basic_altar, fedhas_ov_isle_minmay
D:6:      layout_gridville, gammafunk_ghost_arena, uniq_maggie
D:7:      layout_basic, grunt_potential
D:8:      layout_loops_ring, tso_altar, uniq_maurice
D:9:      layout_long_grid, minmay_overflow_temple_star_quad,
          gammafunk_ghost_nasty_kobolds, eino_jars
D:10:     cheibrodos_orc_bank, layout_irregular_city, erik_lair_dragon,
          basic_altar
Temple:   dpeg_five_rooms_temple
Lair:1:   layout_regular_city, lemuel_fruit_fields, grunt_megastairs_5,
          minmay_lair_oklob_chamber
Lair:2:   layout_hall_layers, disabler_island, lemuel_fruit_tree
Lair:3:   layout_regular_city, portal_ice_cave_demonic_guard,
          grunt_megastairs_2, serial_bayou_shore_a, uniq_gastronok
Lair:4:   layout_long_grid, minmay_shoals_entry_centaurs,
          nicolae_spider_entry_non_spiders
Lair:5:   cheibrodos_magma_flow, layout_loops_ring,
          dpeg_slime_entry_enclosed_altar, minivault_24, minivault_23,
          lemuel_fruit_fields

Skill      XL: |  1  2  3  4  5  6  7  8  9 10 11 12 13 |
---------------+----------------------------------------+-----
Invocations    | 1 2 3 4 5 6 7 8 9 |  9.5
Short Blades   | 1 2 3 4 5 6 7 8 |  8.7
Long Blades    | 1 2 3 4 5 6 7 8 |  8.7
Axes           | 1 2 3 4 5 6 7 8 |  8.7
Polearms       | 1 2 3 4 5 6 7 8 |  8.7
Staves         | 1 2 3 4 5 6 7 8 |  8.7
Slings         | 1 2 3 4 5 6 7 8 |  8.7
Bows           | 1 2 3 4 5 6 7 8 |  8.7
Crossbows      | 1 2 3 4 5 6 7 8 |  8.7
Throwing       | 1 2 3 4 5 6 7 8 |  8.7
Stealth        | 1 2 3 4 5 6 7 8 |  8.7
Spellcasting   | 1 2 3 4 5 6 7 8 |  8.7
Conjurations   | 1 2 3 4 5 6 7 |  7.2
Hexes          | 1 2 3 4 5 6 7 |  7.2
Summonings     | 1 2 3 4 5 6 7 |  7.2
Necromancy     | 1 2 3 4 5 6 7 |  7.2
Translocations | 1 2 3 4 5 6 7 |  7.2
Transmutations | 1 2 3 4 5 6 7 |  7.2
Fire Magic     | 1 2 3 4 5 6 7 |  7.2
Ice Magic      | 1 2 3 4 5 6 7 |  7.2
Air Magic      | 1 2 3 4 5 6 7 |  7.2
Earth Magic    | 1 2 3 4 5 6 7 |  7.2
Poison Magic   | 1 2 3 4 5 6 7 |  7.2
Maces & Flails | 3 4 5 6 7 8 9 |  9.1
Armour         | 3 4 5 6 7 8 9 |  9.1
Dodging        | 3 4 5 6 7 8 9 |  9.1
Shields        | 3 4 5 6 7 8 9 |  9.1
Evocations     | 3 4 5 6 7 8 9 |  9.1
Unarmed Combat | 5 6 7 8 9 |  9.8
Fighting       | 7 8 9 10 | 10.8

Action                   |  1- 3 |  4- 6 |  7- 9 | 10-12 | 13-15 || total
-------------------------+-------+-------+-------+-------+-------++-------
Melee: Dagger            |   105 |       |       |       |       ||   105
       Bite              |    17 |    13 |    45 |   172 |    93 ||   340
       Mace              |    44 |   181 |   275 |       |   212 ||   712
       Trident           |       |       |    82 |       |       ||    82
       Flail             |       |       |    46 |  1078 |       ||  1124
       Long sword        |       |       |       |    41 |   278 ||   319
Throw: Stone             |    34 |   111 |   202 |   281 |    62 ||   690
Invok: Heroism           |       |       |       |    16 |     5 ||    21
Evoke: Wand              |       |       |    20 |    24 |       ||    44
       Lightning rod     |       |       |       |     4 |       ||     4
  Use: Scroll            |       |       |     9 |    10 |    11 ||    30
       Potion            |       |       |     5 |     2 |       ||     7
 Stab: Paralysed         |       |       |     6 |       |       ||     6
       Sleeping          |       |       |     3 |       |    11 ||    14
Armor: Ring mail         |    62 |    37 |       |       |       ||    99
       Chain mail        |       |    15 |    38 |       |       ||    53
       Swamp dragon scal |       |       |    52 |   303 |    89 ||   444
       Skin              |       |       |     3 |       |       ||     3
Dodge: Dodged            |    94 |    81 |   131 |   575 |   191 ||  1072
Block: Buckler           |    29 |    49 |   180 |   768 |   116 ||  1142
       Reflection        |       |       |     5 |    20 |     3 ||    28
       Kite shield       |       |       |       |       |   295 ||   295
       Rpst.: Long sword |       |       |       |    12 |    28 ||    40
